 Dungeon Crawl Stone Soup version 0.30-a0-50-gb2d611f6b1 (webtiles) character file.

Game seed: 6857490097890196399

864 PyroL the Vexing (level 7, -8/32 HPs)
             Began as a Spriggan Enchanter on Sept 5, 2022.
             Mangled by Eustachio
             ... wielding a +2 falchion of distortion
              (16 damage)
             ... on level 6 of the Dungeon.
             The game lasted 00:13:10 (8011 turns).

PyroL the Vexing (Spriggan Enchanter)               Turns: 8011, Time: 00:13:11

Health: -8/32      AC:  2    Str:  4    XL:     7   Next: 72%
Magic:  15/19      EV: 15    Int: 16    God:
Gold:   337        SH:  0    Dex: 18    Spells: 13/21 levels left

rFire   . . .      SeeInvis +    a - +1 dagger
rCold   . . .      Faith    .    (no shield)
rNeg    . . .      Spirit   .    b - +0 robe
rPois   .          Reflect  .    (helmet restricted)
rElec   .          Harm     .    (no cloak)
rCorr   .          Rampage  .    (gloves unavailable)
Will    +....                    (boots unavailable)
Stlth   +++.......               l - amulet of magic regeneration
HPRegen 0.10/turn                (no ring)
MPRegen 0.56/turn                (no ring)

@: confusing by touch, grasped by roots, constricted, studying Conjurations,
very quick
A: very small, no large weapons, unfitting armour, see invisible, speed 3
a: no special abilities


You were on level 6 of the Dungeon.
You visited 1 branch of the dungeon, and saw 6 of its levels.

You collected 337 gold pieces.

Inventory:

Hand Weapons
 a - a +1 dagger (weapon)
Missiles
 n - a throwing net (quivered)
Armour
 b - a +0 robe (worn)
Jewellery
 l - an amulet of magic regeneration (around neck)
 s - an amulet of guardian spirit
Wands
 k - a wand of polymorph (8)
 y - a wand of flame (18)
Scrolls
 g - 6 scrolls of identify {unknown}
 i - a scroll of summoning {unknown}
 j - 2 scrolls of poison {unknown}
 m - a scroll of enchant weapon {unknown}
 o - 2 scrolls of amnesia {unknown}
 p - a scroll of vulnerability {unknown}
 q - a scroll of teleportation {unknown}
 r - a scroll of enchant armour {unknown}
 v - a scroll of torment {unknown}
Potions
 c - 3 potions of invisibility
 d - a potion of might {unknown}
 e - 2 potions of heal wounds {unknown}
 f - a potion of curing {unknown}
 h - a potion of resistance {unknown}
 t - a potion of berserk rage {unknown}
 u - a potion of degeneration {unknown}
 x - a potion of flight {unknown}


   Skills:
 - Level 2.0 Short Blades
 - Level 3.4 Dodging
 - Level 5.1 Stealth
 + Level 7.5 Spellcasting
 + Level 7.9 Hexes


You had 13 spell levels left.
You knew the following spells:

 Your Spells              Type           Power      Damage    Failure   Level
a - Ensorcelled Hibernat  Hex/Ice        36%        N/A       3%          2
b - Confusing Touch       Hex            31%        N/A       1%          3
c - Tukima's Dance        Hex            31%        N/A       1%          3

Your spell library contained the following spells:

 Spells                   Type           Power      Damage    Failure   Level
 Dazzling Flash           Conj/Hex       36%        N/A       7%          3
 Portal Projectile        Hex/Tloc       36%        N/A       7%          3
 Shock                    Conj/Air       24%        1d4       12%         1
 Sublimation of Blood     Necr           6%         N/A       19%         2
 Wereblood                Tmut           6%         N/A       19%         2
 Swiftness                Air            6%         N/A       34%         3
 Airstrike                Air            3%         2d(1-17)  75%         4
 Blade Hands              Tmut           3%         N/A       97%         5
 Summon Hydra             Summ           3%         N/A       100%        7


Dungeon Overview and Level Annotations

Branches:
Dungeon (6/15)
 Temple: D:4-7

Altars:
Makhleb
Ru
Zin

Shops:
D:1 [

Annotations:
D:6 Eustachio


Innate Abilities, Weirdness & Mutations

You are very small and have problems with some larger weapons.
You are too small for most types of armour.
You have supernaturally acute eyesight. (SInv)
You cover ground extremely quickly. (Speed+++)


Message History

The ogre is almost dead.
The ogre hits itself with a +0 giant spiked club!
The ogre is killed!
Things that are here:
a +0 giant spiked club; an ogre corpse Magic restored.
Found a mace.
Eustachio the Magnificent comes into view.
He is wielding a +2 falchion of distortion, wearing a +3 leather armour of willpower and carrying a wand of roots (12).
The helpless Eustachio fails to defend himself.
You impale Eustachio!!
Eustachio is severely wounded.
Eustachio screams, "At last I'll have my revenge!"
Eustachio casts a spell.
Casting: Confusing Touch (safe; 1% risk of failure)
Confirm with . or Enter, or press ? or * to list all spells.
Aiming: Ensorcelled Hibernation (safe; 3% risk of failure)
Press: ? - help, Shift-Dir - straight line, f - Eustachio
Aim: Eustachio, wielding a +2 falchion of distortion, wearing a +3 leather armour of willpower and carrying a wand of roots (12) (severely wounded, chance to affect: 19%) Eustachio resists with almost no effort.
The bat barely misses you.
Eustachio zaps a wand.
The roots erupt in riotous growth!
The grasping roots grab you!
The quokka is unaffected.
Eustachio is unaffected.
The bat is unaffected.
The grasping roots constrict you. The quokka completely misses you.
The bat closely misses you.
Casting: Ensorcelled Hibernation (safe; 3% risk of failure)
Confirm with . or Enter, or press ? or * to list all spells.
Your hands begin to glow red.
The bat barely misses you.
Eustachio hits you with a +2 falchion of distortion!
Space warps around you. The grasping roots constrict you.
* * * LOW HITPOINT WARNING * * *
The quokka misses you.
The roots grasp on you weakens, but your attempt to escape fails.
The bat hits you.
* * * LOW HITPOINT WARNING * * *
Eustachio hits you with a +2 falchion of distortion!
* * * LOW HITPOINT WARNING * * *
Space warps horribly around you!
Ouch! That really hurt!
You die...

##.######
#..##.##.#.#
#.# #.
#.##.#.# #.#
# #.##.#.#
#+# #..#.#.#
##.#.#.# #
#.#.#.#
#..###.#.#.#
#..........#
.....#@#####
#....r@b.#
##..##.#.#
.... #.#.#
### #.# #
..# ... ###


You could see Eustachio, a quokka (summoned) and a bat (summoned).

Vanquished Creatures
  Grinder (D:3)
  An ogre (D:6)
  A phantom (D:4)
  Blork the orc (D:6)
  A gnoll bouda (D:4)
  A hound (D:4)
  2 iguanas
  Ijyb (D:5)
  Terence (D:2)
  An orc wizard (D:6)
  Robin (D:3)
  7 gnolls
  6 adders
  A white imp (D:5)
  2 ufetubi
  3 worms
  4 orcs
  3 bats
  11 endoplasms
  4 giant cockroaches
  16 goblins
  8 hobgoblins
  4 jackals (D:3)
  2 quokkas
  9 ball pythons
  3 frilled lizards
  9 kobolds
  6 rats
110 creatures vanquished.

Vanquished Creatures (others)
  24 plants (D:4)
24 creatures vanquished.

Grand Total: 134 creatures vanquished

Notes
Turn   | Place    | Note
-------+----------+-------------------------------------------
     0 | D:1      | PyroL the Spriggan Enchanter began the quest for the Orb.
     0 | D:1      | Reached XP level 1. HP: 9/9 MP: 5/5
   711 | D:1      | Found Woraqeol's Antique Armour Boutique.
   714 | D:1      | Reached XP level 2. HP: 13/13 MP: 6/6
  1336 | D:2      | Noticed Terence
  1370 | D:2      | Learned a level 2 spell: Ensorcelled Hibernation
  1387 | D:2      | Killed Terence
  1388 | D:2      | Reached skill level 5 in Stealth
  1388 | D:2      | Reached XP level 3. HP: 16/16 MP: 1/8
  1773 | D:2      | Reached XP level 4. HP: 21/21 MP: 10/10
  1857 | D:2      | Found a faded altar of an unknown god.
  2529 | D:3      | Found a glowing silver altar of Zin.
  2557 | D:3      | Found a burning altar of Makhleb.
  2707 | D:3      | Noticed Grinder
  2736 | D:3      | Learned a level 3 spell: Confusing Touch
  2740 | D:3      | Learned a level 3 spell: Tukima's Dance
  2745 | D:3      | Killed Grinder
  2746 | D:3      | Reached skill level 5 in Spellcasting
  2746 | D:3      | Reached skill level 5 in Hexes
  2746 | D:3      | Reached XP level 5. HP: 24/24 MP: 9/13
  2746 | D:3      | Reached XP level 6. HP: 28/28 MP: 9/14
  3344 | D:3      | Noticed Robin
  3570 | D:3      | Killed Robin
  5611 | D:4      | Reached XP level 7. HP: 25/32 MP: 17/17
  5868 | D:4      | Found a sacrificial altar of Ru.
  6014 | D:5      | Entered Level 5 of the Dungeon
  6741 | D:5      | Noticed Ijyb
  6754 | D:5      | Killed Ijyb
  7400 | D:6      | Noticed Blork the orc
  7407 | D:6      | Killed Blork the orc
  8006 | D:6      | Noticed Eustachio
  8011 | D:6      | Mangled by Eustachio

Illustrated notes

Levels and vault maps discovered:
D:1:      matt_arrival_debris, layout_basic, serial_shops, nicolae_square_shop
D:2:      layout_basic, ebering_ecumenical_altar_sacrificial, uniq_terence
D:3:      layout_loops_corners, zin_scriptorium, bloody_makhleb, uniq_robin,
          uniq_grinder
D:4:      layout_basic, nicolae_ru_awakened_eye, minmay_misc_feat_hallway,
          nicolae_grassy_gnolls
D:5:      wad_pebble_path, layout_loops_ring, uniq_ijyb
D:6:      layout_loops_corners, kiku_gazebo_garden_becter,
          minmay_temple_entry_junction, uniq_blork_the_orc, uniq_eustachio

Skill      XL: |  1  2  3  4  5  6  7 |
---------------+----------------------+-----
Dodging        | 3 |  3.4
Spellcasting   | 3 5 6 7 |  7.5
Short Blades   | 2 |  2.0
Stealth        | 5 |  5.1
Hexes          | 4 5 6 7 |  7.9

Action                   |  1- 3 |  4- 6 |  7- 9 || total
-------------------------+-------+-------+-------++-------
Melee: Dagger            |    58 |   282 |    72 ||   412
       Punch             |       |       |     1 ||     1
 Cast: Ensorcelled Hiber |     8 |    31 |     9 ||    48
       Confusing Touch   |       |     5 |     8 ||    13
 Stab: Sleeping          |    12 |    28 |    11 ||    51
       Confused          |       |     5 |     6 ||    11
Armor: Robe              |     6 |    23 |     2 ||    31
Dodge: Dodged            |    27 |   196 |    70 ||   293

Table legend: (Time is in decaauts)
 A = Elapsed time spent in this place.
 B = Non-inter-level travel time spent in this place.
 C = Inter-level travel time spent in this place.
 D = Time resting spent in this place.
 E = Time spent auto-exploring this place.
 F = Levels seen in this place.
 G = Mean time per level.
                   A        B        C        D        E       F      G
               +--------+--------+--------+--------+--------+-----+--------+
         Total |   6463 |   6373 |     90 |   1439 |   3883 |   6 | 1077.2 |
       Dungeon |   6463 |   6373 |     90 |   1439 |   3883 |   6 | 1077.2 |
               +--------+--------+--------+--------+--------+-----+--------+

Top non-repeatable levels by time:
     D:3: 1650 daAuts
     D:4: 1329 daAuts
     D:5: 1050 daAuts
     D:1: 991 daAuts
     D:2: 837 daAuts
     D:6: 603 daAuts
